 Dungeon Crawl Stone Soup version 0.28-a0-794-gafe8c5f9e9 (webtiles) character file.

Game seed: 13824131152645928916

0 spiderkeys the Skirmisher (level 1, -1/14 HPs)
             Began as a Tengu Abyssal Knight on Nov 6, 2021.
             Was a Follower of Lugonu.
             Constricted to death by a starspawn tentacle (2 damage)
             ... attached to a tentacled starspawn
             ... on level 1 of the Abyss.
             The game lasted 00:00:22 (70 turns).

spiderkeys the Skirmisher (Tengu Abyssal Knight)      Turns: 70, Time: 00:00:22

Health: -1/14      AC:  3    Str: 13    XL:     1   Next: 0%
Magic:  3/3        EV:  8    Int: 10    God:    Lugonu [*.....]
Gold:   0          SH:  0    Dex: 14    Spells: 0/0 levels left

rFire   . . .      SeeInvis .   a - +1 spear
rCold   . . .      Faith    .   (no shield)
rNeg    . . .      Spirit   .   b - +0 leather armour
rPois   .          Reflect  .   (helmet restricted)
rElec   .          Harm     .   (no cloak)
rCorr   .          Rampage  .   (no gloves)
Will    .....                   (boots unavailable)
Stlth   +.........              (no amulet)
HPRegen 0.04/turn               (no ring)
MPRegen 0.08/turn               (no ring)

@: constricted
A: beak, talons 3
a: Renounce Religion, Depart the Abyss


You were on level 1 of the Abyss.
You worshipped Lugonu.
Lugonu was aware of your devotion.
You visited 0 branches of the dungeon, and saw 0 of its levels.
You visited the Abyss 1 time.


Innate Abilities, Weirdness & Mutations

You have a beak for a mouth.
You have claws for feet.


   Skills:
 + Level 3.0 Fighting
 + Level 2.1 Polearms
 + Level 2.1 Armour
 + Level 1.1 Dodging
 + Level 1.5 Invocations


You couldn't memorise any spells.
You didn't know any spells.
Your spell library was empty.

Inventory:

Hand Weapons
 a - a +1 spear (weapon)
Armour
 b - a +0 leather armour (worn)
Potions
 c - a potion of curing {@q1}

Dungeon Overview and Level Annotations

Branches:
Dungeon (0/15)

Altars:

......≈≈≈♣≈≈≈≈.........
......≈≈≈≈≈≈≈≈.........
.#......≈≈≈≈≈≈≈≈........
........≈≈.≈≈≈≈........
#...≈..≈Λ≈≈≈≈≈..≈......
#..../─X#.≈≈♣≈≈≈#....
#.##...//.≈#.≈≈≈.♣##....
#....wwx.≈...≈.........
#.....@................
#(...........≈.... ....
.................... ...
.#.....................
#.......3............ ..
####......##......# ....
#......# ..... ##....
........ ... ..... . ..
....


You could see a tentacled starspawn, a smoke demon, a small abomination and 2
starspawn tentacles.


Message History

🤖 Initializing magus.rc ... ✅ Successfully initialized magus.rc [v1.9.10] Welcome, spiderkeys the Tengu Abyssal Knight.
Are you destined to find the marvelous Orb of Zot, or to die trying?
Lugonu says: Depart the Abyss and spread corruption, my servant! (use the ability menu to exit the Abyss) Press ? for a list of commands and other information.
Found a corrupted altar of Lugonu.
There is a corrupted altar of Lugonu here.
Found a gateway leading deeper into the Abyss.
Found a gateway leading out of the Abyss.
Unknown command.
c - 2 fizzy black potions You aren't carrying any scrolls.
The small abomination hits you. 😕 HP[-3]
You take 3 damage, and now have 11/14 hp.
MASSIVE DAMAGE!! (PAUSE) It was a potion of curing.
You feel better.
The small abomination misses you. 😎 HP[+3]
Your hp is fully restored (14).
A tentacled starspawn comes into view.
You enter the shallow water.
Moving in this stuff is going to be slow.
The small abomination hits you but does no damage.
The small abomination barely misses you.
Tentacles burst from the starspawn's body! 2 starspawn tentacles come into view.
The starspawn tentacle closely misses you.
You enter the shallow water.
Moving in this stuff is going to be slow.
The small abomination hits you!
Ouch! That really hurt!
* * * LOW HITPOINT WARNING * * *
The starspawn tentacle closely misses you.
A tentacle flies out from the starspawn's body!
The starspawn tentacle grabs you. The starspawn tentacle constricts you.
* * * LOW HITPOINT WARNING * * *
The small abomination closely misses you.
A starspawn tentacle comes into view.
You escape the starspawn tentacle's grasp.
A smoke demon comes into view.
The starspawn tentacle grabs you. The starspawn tentacle constricts you.
* * * LOW HITPOINT WARNING * * *
You escape the starspawn tentacle's grasp.
The smoke demon roars!
The starspawn tentacle grabs you. The starspawn tentacle constricts you.
You die...

Action                   || total
-------------------------++-------
  Use: Potion            ||     1
Armor: Leather armour    ||     1
Dodge: Dodged            ||     5

Levels and vault maps discovered:
Abyss:1:  base: Temple, base:
Temple

Notes
Turn   | Place    | Note
-------+----------+-------------------------------------------
     0 | Abyss:1  | spiderkeys the Tengu Abyssal Knight began the quest for the
                  | Orb.
     0 | Abyss:1  | Reached XP level 1. HP: 14/14 MP: 3/3
     0 | Abyss:1  | magus.rc [v1.9.10]
    48 | Abyss:1  | Noticed a small abomination
    61 | Abyss:1  | Noticed a tentacled starspawn
    68 | Abyss:1  | Noticed a smoke demon
    68 | Abyss:1  | HP: 1/14 [constriction[a tentacled starspawn] (3)]
    70 | Abyss:1  | Constricted to death by a starspawn tentacle

Vanquished Creatures (others)
  A starspawn tentacle (Abyss:1)
1 creature vanquished.

Table legend:
 A = Non-vault XP
 B = Vault XP
 C = Vault XP percentage of total XP
 D = Non-vault monster count
 E = Vault monster count
 F = Vault count percentage of total count
                 A         B        C        D         E       F
            +---------+---------+-------+---------+---------+-------
      Total |       0 |       0 |   N/A |       0 |       0 |  -nan
            +---------+---------+-------+---------+---------+-------
            +---------+---------+-------+---------+---------+-------

Illustrated notes

Table legend: (Time is in decaauts)
 A = Elapsed time spent in this place.
 B = Non-inter-level travel time spent in this place.
 C = Inter-level travel time spent in this place.
 D = Time resting spent in this place.
 E = Time spent auto-exploring this place.
 F = Levels seen in this place.
 G = Mean time per level.
                   A        B        C        D        E       F      G
               +--------+--------+--------+--------+--------+-----+--------+
         Total |     73 |     73 |      0 |      0 |     16 |   1 |   73.0 |
         Abyss |     73 |     73 |      0 |      0 |     16 |   1 |   73.0 |
               +--------+--------+--------+--------+--------+-----+--------+

Top non-repeatable levels by time:
 Abyss:1: 73 daAuts
